 Dungeon Crawl Stone Soup version 0.30.1-3-gfc49f6343a (webtiles) character file.

Game seed: 217420316884732081

107 CaptainMV the Conjurer (level 4, 0/32 HPs)
             Began as a Demonspawn Wanderer on July 27, 2023.
             Slain by Grinder (4 damage)
             ... on level 3 of the Dungeon.
             The game lasted 00:14:26 (1437 turns).

CaptainMV the Conjurer (Demonspawn Wanderer)        Turns: 1437, Time: 00:14:26

Health: 0/32       AC:  3    Str: 15    XL:     4   Next: 57%
Magic:  2/7        EV: 11    Int: 11    God:
Gold:   61         SH:  0    Dex: 14    Spells: 4/7 levels left

rFire   . . .        b - +1 short sword (drain)
rCold   . . .        (no shield)
rNeg    . . .        d - +0 leather armour
rPois   .            (no helmet)
rElec   .            (no cloak)
rCorr   .            (no gloves)
SInv    .            (no boots)
Will    .....        (no amulet)
Stlth   +            (no ring)
HPRegen 0.25/turn    (no ring)
MPRegen 0.10/turn

%: no passive effects
@: no status effects
A: hooves 1
a: no special abilities


You were on level 3 of the Dungeon.
You visited 1 branch of the dungeon, and saw 3 of its levels.

You collected 61 gold pieces.

Inventory:

Hand Weapons
 a - a +0 dagger
 b - a +1 short sword of draining (weapon)
Missiles
 e - 9 poisoned darts
 f - 7 boomerangs (quivered)
 k - 4 boomerangs of dispersal
Armour
 d - a +0 leather armour (worn)
Scrolls
 h - a scroll of teleportation
 i - a scroll of brand weapon {unknown}
 l - a scroll of fear
Potions
 c - a potion of berserk rage
 g - 5 potions of curing
 j - a potion of flight


   Skills:
 + Level 1.5 Fighting
 + Level 1.4 Short Blades
 + Level 1.0 Throwing
 + Level 2.0 Armour
 + Level 1.3 Dodging
 + Level 0.2 Stealth
 + Level 2.3 Spellcasting
 + Level 4.4 Conjurations
 + Level 1.1 Transmutations


You had 4 spell levels left.
You knew the following spells:

 Your Spells              Type           Power      Damage    Failure   Level
a - Kiss of Death         Conj/Necr      24%        2d7       14%         1
b - Searing Ray           Conj           22%        2d5       9%          2

Your spell library contained the following spells:

 Spells                   Type           Power      Damage    Failure   Level
 Magic Dart               Conj           44%        1d5       5%          1
 Wereblood                Tmut           3%         N/A       32%         2
 Passwall                 Tmut/Erth      1%         N/A       38%         2
 Stone Arrow              Conj/Erth      12%        3d7       38%         3
 Ensorcelled Hibernation  Hex/Ice        2%         N/A       47%         2
 Spider Form              Tmut/Pois      2%         N/A       63%         3
 Flame Wave               Conj/Fire      6%         2d5       80%         4
 Fulminant Prism          Conj/Hex       3%         3d5       80%         4
 Anguish                  Hex/Necr       0%         N/A       98%         4
 Animate Armour           Summ/Erth      2%         N/A       98%         4
 Lehudib's Crystal Spear  Conj/Erth      3%         10d2      100%        8


Dungeon Overview and Level Annotations

Branches:
Dungeon (3/15)

Altars:

Annotations:
D:3 Grinder


Innate Abilities, Weirdness & Mutations

You have large cloven feet.


Message History

i - a scroll labelled ZOP DEORPHAGUOR You closely miss the frilled lizard.
Your kick misses the frilled lizard. You hit the frilled lizard.
You kill the frilled lizard!
Found a club.
You see here a frilled lizard corpse.
You see here a +0 club.
Found a stone staircase leading down.
Found a stone staircase leading down.
There is a stone staircase leading down here.
Found a short sword.
Grinder comes into view.
She is carrying a wand of flame (13).
Grinder shouts!
Grinder moves out of view.
You see here a +0 short sword.
Grinder zaps a wand.
The puff of flame hits you!
Found a scroll of fear and a chain mail.
Grinder zaps a wand.
The puff of flame misses you. Grinder hits you.
You writhe in agony.
Casting: Searing Ray (safe; 9% risk of failure)
Confirm with . or Enter, or press ? or * to list all spells.
Aiming: Searing Ray (safe; 9% risk of failure)
Press: ? - help, Shift-Dir - straight line, f - Grinder
Aim: Grinder, carrying a wand of flame (11) (73% to hit)
The searing ray misses Grinder. (Press . to maintain the ray.) Grinder zaps a wand.
The puff of flame misses you.
The searing ray hits Grinder.
Grinder is lightly wounded.
Grinder closely misses you.
The searing ray hits Grinder.
Grinder is lightly wounded.
Grinder says, "Just stop there for a second..."
Grinder zaps a wand.
The puff of flame hits you!
* * * LOW HITPOINT WARNING * * *
The searing ray hits Grinder.
Grinder is moderately wounded.
You finish channelling your searing ray.
Grinder hits you.
You die...

#......................># #.#
#...<...........#.#.###.# #.#
#....#######........###.## #.# #
#..####### #...##.####...## #.#
###........# #...##.........###.#
.......###.# #...#######....##...
###.##^# # #...# ##>#.<....
#.##.###.###...########.####...
###.##.....#....@...)...........#
.##.#...####...5.################
...............?.#
#.......###...[...
#.................
......)####(......# ....).##
##....... .....## ##...#.# .....#
#####


You could see Grinder.

Vanquished Creatures
  3 adders
  A worm (D:2)
  A dart slug (D:2)
  6 orcs (D:3)
  6 bats
  6 endoplasms
  2 giant cockroaches
  3 goblins
  4 hobgoblins
  6 jackals
  5 kobolds
  3 quokkas
  9 ball pythons
  4 frilled lizards
  2 rats (D:2)
61 creatures vanquished.

Notes
Turn   | Place    | Note
-------+----------+-------------------------------------------
     0 | D:1      | CaptainMV the Demonspawn Wanderer began the quest for the
                  | Orb.
     0 | D:1      | CaptainMV set off with the following items: a +0 dagger, 7
                  | boomerangs, a potion of berserk rage, a +0 leather armour;
                  | and the following spell memorised: Kiss of Death; and the
                  | following spells available to memorise: Wereblood,
                  | Passwall, Flame Wave, Fulminant Prism.
     0 | D:1      | Reached XP level 1. HP: 15/15 MP: 3/3
   132 | D:1      | Gained mutation: You have large cloven feet. [demonic
                  | ancestry]
   132 | D:1      | Reached XP level 2. HP: 20/20 MP: 5/5
   404 | D:1      | Found a faded altar of an unknown god.
   511 | D:1      | Reached skill level 1 in Armour
   511 | D:1      | Reached XP level 3. HP: 26/26 MP: 6/6
   682 | D:2      | Learned a level 2 spell: Searing Ray
   805 | D:2      | Reached skill level 1 in Short Blades
  1155 | D:3      | Reached XP level 4. HP: 26/31 MP: 7/7
  1429 | D:3      | Noticed Grinder
  1437 | D:3      | Slain by Grinder

Illustrated notes

Levels and vault maps discovered:
D:1:      heliophobic_arrival_enchanted_forest, layout_basic,
          basic_ecumenical_altar
D:2:      layout_rooms
D:3:      layout_loops_ring, uniq_grinder

Skill      XL: |  1  2  3  4 |
---------------+-------------+-----
Armour         | 1 2 |  2.0
Short Blades   | 1 |  1.4
Fighting       | |  1.5
Throwing       | |  1.0
Dodging        | |  1.3
Stealth        | |  0.2
Spellcasting   | |  2.3
Conjurations   | |  4.4
Transmutations | |  1.1

Action                     |  1- 3 |  4- 6 || total
---------------------------+-------+-------++-------
  Melee: Dagger            |    18 |       ||    18
         Short sword       |    95 |    35 ||   130
         Kick              |    17 |     7 ||    24
   Cast: Kiss of Death     |     3 |       ||     3
         Searing Ray       |     7 |     4 ||    11
    Use: Scroll            |     7 |     3 ||    10
   Stab: Sleeping          |       |     1 ||     1
 Armour: Leather armour    |    50 |    11 ||    61
  Dodge: Dodged            |    89 |    28 ||   117
